[ AOE2 MATCH · #507103573 ]
UnrankedPoles vs Burgundians
Player's team · WIN
[ REPLAY ANALYSIS · EXTRACTED FROM THE RECORDED GAME ]
Feudal
8:27
Castle
—
Imperial
—
| APM avg | 60.6 |
| APM peak | 94 |
| eAPM avg | 26.6 |
| Villagers / military | 69 / 34 |
Focus
⚔️ 47.3% · 🌾 52.7%
Archer ×23 · Skirmisher ×11
Feudal
8:51
Castle
—
Imperial
—
| APM avg | 113.0 |
| APM peak | 234 |
| eAPM avg | 50.4 |
| Villagers / military | 54 / 37 |
Focus
⚔️ 58.3% · 🌾 41.7%
Flemish Militia ×16 · Skirmisher ×14 · Archer ×7
Match map
Initial resources + every placement click. Lines = walls · curves = elevation contours. ◆ gold · ⬟ stone · ● berries · ✦ relic · ◌ wall gap
Your base· Open — unwalled flank
Itz_Zenta's base· Open — unwalled flank
Smoothed initial terrain · ◌ = detected wall gap · hover for details
Inputs per minute
— DS_Biry - - Itz_Zenta
Build order — DS_Biry
First 150 of 191 actions detected
| 0:01 | Queue | Villager (Male) |
| 0:01 | Queue | Villager (Male) |
| 0:01 | Queue | Villager (Male) |
| 0:02 | Queue | Villager (Male) |
| 0:02 | Queue | Villager (Male) |
| 0:02 | Build | House |
| 0:03 | Build | House |
| 1:35 | Queue | Villager (Male) |
| 1:35 | Queue | Villager (Male) |
| 2:03 | Queue | Villager (Male) |
| 2:03 | Queue | Villager (Male) |
| 2:03 | Queue | Villager (Male) |
| 2:21 | Build | Lumber Camp |
| 2:25 | Queue | Villager (Male) |
| 2:26 | Queue | Villager (Male) |
| 2:54 | Queue | Villager (Male) |
| 3:32 | Queue | Villager (Male) |
| 3:32 | Queue | Villager (Male) |
| 3:58 | Build | Mill |
| 4:03 | Queue | Villager (Male) |
| 4:37 | Queue | Villager (Male) |
| 4:38 | Queue | Villager (Male) |
| 4:38 | Queue | Villager (Male) |
| 5:11 | Queue | Villager (Male) |
| 5:36 | Queue | Villager (Male) |
| 5:38 | Research | Loom |
| 6:09 | Research | Feudal Age |
| 6:09 | Research | Feudal Age |
| 7:29 | Build | Mining Camp |
| 7:48 | Build | House |
| 8:07 | Queue | Villager (Male) |
| 8:27 | Age | Feudal Age |
| 8:30 | Build | Watch Tower |
| 8:32 | Build | Stone Wall |
| 8:36 | Build | Stone Wall |
| 8:39 | Build | Stone Wall |
| 8:41 | Queue | Villager (Male) |
| 8:44 | Build | Stone Wall |
| 9:03 | Queue | Villager (Male) |
| 9:06 | Build | Watch Tower |
| 9:17 | Queue | Villager (Male) |
| 9:27 | Build | Stone Wall |
| 9:28 | Build | Stone Wall |
| 9:30 | Build | Stone Wall |
| 9:32 | Build | Stone Wall |
| 9:34 | Build | Stone Wall |
| 9:37 | Queue | Villager (Male) |
| 9:41 | Queue | Villager (Male) |
| 10:04 | Queue | Villager (Male) |
| 10:07 | Build | House |
| 10:22 | Queue | Villager (Male) |
| 10:22 | Queue | Villager (Male) |
| 10:40 | Build | Stone Wall |
| 10:42 | Build | Palisade Wall |
| 10:43 | Build | Palisade Wall |
| 10:44 | Build | Palisade Wall |
| 10:56 | Queue | Villager (Male) |
| 10:56 | Queue | Villager (Male) |
| 11:28 | Build | House |
| 11:30 | Build | Palisade Wall |
| 11:31 | Build | Palisade Wall |
| 11:35 | Queue | Villager (Male) |
| 11:35 | Queue | Villager (Male) |
| 11:35 | Queue | Villager (Male) |
| 11:37 | Build | Palisade Wall |
| 11:46 | Queue | Villager (Male) |
| 12:07 | Build | Watch Tower |
| 12:32 | Queue | Villager (Male) |
| 12:40 | Queue | Villager (Male) |
| 12:40 | Queue | Villager (Male) |
| 12:44 | Build | Barracks |
| 12:53 | Queue | Villager (Male) |
| 12:53 | Queue | Villager (Male) |
| 13:11 | Build | Palisade Wall |
| 13:12 | Build | Palisade Wall |
| 13:13 | Build | Palisade Wall |
| 13:13 | Build | Palisade Wall |
| 13:14 | Build | Palisade Wall |
| 13:16 | Queue | Villager (Male) |
| 13:49 | Build | Stone Wall |
| 13:50 | Build | Stone Wall |
| 13:51 | Build | Stone Wall |
| 14:01 | Build | Stone Wall |
| 14:04 | Queue | Villager (Male) |
| 14:04 | Queue | Villager (Male) |
| 14:22 | Build | Archery Range |
| 14:28 | Queue | Villager (Male) |
| 14:31 | Build | Palisade Wall |
| 14:32 | Build | Palisade Wall |
| 14:32 | Build | Palisade Wall |
| 14:33 | Build | Palisade Wall |
| 14:57 | Queue | Archer |
| 14:57 | Queue | Archer |
| 14:59 | Build | House |
| 15:04 | Build | Palisade Wall |
| 15:05 | Build | Palisade Wall |
| 15:08 | Build | Palisade Wall |
| 15:10 | Build | Palisade Wall |
| 15:26 | Queue | Villager (Male) |
| 15:27 | Queue | Archer |
| 15:32 | Build | Blacksmith |
| 15:35 | Build | Watch Tower |
| 15:49 | Queue | Archer |
| 15:49 | Queue | Archer |
| 15:49 | Queue | Archer |
| 16:03 | Queue | Skirmisher |
| 16:22 | Research | Fletching |
| 16:23 | Research | Fletching |
| 16:45 | Queue | Archer |
| 17:07 | Build | Palisade Wall |
| 17:18 | Queue | Skirmisher |
| 17:24 | Build | Mill |
| 17:44 | Queue | Villager (Male) |
| 17:51 | Queue | Villager (Male) |
| 17:53 | Build | Mining Camp |
| 17:57 | Queue | Skirmisher |
| 18:08 | Queue | Villager (Male) |
| 18:20 | Queue | Villager (Male) |
| 18:40 | Queue | Villager (Male) |
| 18:44 | Queue | Villager (Male) |
| 18:48 | Build | Farm |
| 18:49 | Build | Farm |
| 18:49 | Build | Farm |
| 18:50 | Build | Farm |
| 18:52 | Build | Farm |
| 18:58 | Queue | Skirmisher |
| 18:59 | Queue | Skirmisher |
| 19:15 | Queue | Skirmisher |
| 19:25 | Queue | Skirmisher |
| 19:29 | Build | Farm |
| 19:30 | Build | Farm |
| 19:33 | Queue | Skirmisher |
| 19:44 | Queue | Villager (Male) |
| 19:53 | Queue | Archer |
| 19:55 | Build | House |
| 20:00 | Build | Archery Range |
| 20:03 | Build | House |
| 20:08 | Research | Double-Bit Axe |
| 20:08 | Research | Double-Bit Axe |
| 20:11 | Build | Farm |
| 20:13 | Queue | Archer |
| 20:45 | Queue | Archer |
| 20:46 | Queue | Archer |
| 21:01 | Queue | Archer |
| 21:01 | Queue | Archer |
| 21:04 | Queue | Villager (Male) |
| 21:04 | Queue | Villager (Male) |
| 21:04 | Queue | Villager (Male) |
| 21:06 | Build | House |
| 21:27 | Queue | Archer |
Build order — Itz_Zenta
First 150 of 163 actions detected
| 0:01 | Queue | Villager (Male) ×4 |
| 0:02 | Build | House |
| 0:02 | Build | House |
| 1:24 | Queue | Villager (Male) |
| 1:44 | Build | Lumber Camp |
| 1:58 | Queue | Villager (Male) |
| 1:58 | Queue | Villager (Male) |
| 2:03 | Research | Loom |
| 2:22 | Queue | Villager (Male) |
| 2:44 | Queue | Villager (Male) |
| 2:50 | Research | Loom |
| 3:11 | Research | Double-Bit Axe |
| 3:19 | Queue | Villager (Male) |
| 3:41 | Queue | Villager (Male) |
| 3:41 | Queue | Villager (Male) |
| 3:52 | Build | House |
| 3:53 | Build | House |
| 4:09 | Queue | Villager (Male) |
| 4:09 | Queue | Villager (Male) |
| 4:09 | Queue | Villager (Male) |
| 4:33 | Queue | Villager (Male) |
| 5:00 | Queue | Villager (Male) |
| 5:19 | Queue | Villager (Male) |
| 5:21 | Build | Mill |
| 5:46 | Queue | Villager (Male) |
| 5:46 | Research | Loom |
| 6:37 | Research | Feudal Age |
| 7:21 | Build | Barracks |
| 7:57 | Build | Mining Camp |
| 8:42 | Queue | Villager (Male) |
| 8:51 | Age | Feudal Age |
| 8:51 | Build | Palisade Wall |
| 8:52 | Build | Palisade Wall |
| 8:54 | Queue | Flemish Militia |
| 9:01 | Build | Watch Tower |
| 9:05 | Queue | Villager (Male) |
| 9:18 | Queue | Villager (Male) |
| 9:20 | Queue | Flemish Militia |
| 9:20 | Queue | Flemish Militia |
| 9:44 | Build | Farm |
| 9:44 | Build | Farm |
| 9:45 | Queue | Villager (Male) |
| 9:56 | Queue | Flemish Militia |
| 10:03 | Build | Palisade Wall |
| 10:04 | Build | Palisade Wall |
| 10:13 | Queue | Flemish Militia |
| 10:17 | Queue | Villager (Male) |
| 10:19 | Build | Mining Camp |
| 10:39 | Build | House |
| 10:42 | Research | Town Watch |
| 10:43 | Queue | Flemish Militia |
| 11:16 | Queue | Villager (Male) |
| 11:18 | Build | Blacksmith |
| 11:26 | Build | Farm |
| 11:44 | Build | Farm |
| 11:53 | Queue | Flemish Militia |
| 11:56 | Queue | Villager (Male) |
| 12:36 | Build | Watch Tower |
| 12:56 | Queue | Villager (Male) |
| 12:59 | Build | Archery Range |
| 13:10 | Queue | Flemish Militia |
| 13:30 | Research | Fletching |
| 13:30 | Research | Fletching |
| 13:32 | Build | House |
| 13:34 | Build | House |
| 13:41 | Queue | Archer |
| 14:10 | Queue | Villager (Male) |
| 14:13 | Queue | Archer |
| 14:35 | Build | Farm |
| 15:10 | Queue | Villager (Male) |
| 15:14 | Build | Farm |
| 16:05 | Queue | Villager (Male) |
| 16:10 | Build | Mining Camp |
| 16:41 | Queue | Villager (Male) |
| 16:51 | Build | Watch Tower |
| 17:02 | Queue | Archer |
| 17:04 | Build | House |
| 17:12 | Queue | Villager (Male) |
| 17:15 | Queue | Archer |
| 17:18 | Build | Palisade Gate |
| 17:30 | Build | Palisade Wall |
| 17:31 | Build | Stone Wall |
| 17:41 | Queue | Skirmisher |
| 17:52 | Build | Palisade Wall |
| 18:06 | Queue | Villager (Male) |
| 18:10 | Build | Palisade Wall |
| 18:27 | Queue | Flemish Militia |
| 18:32 | Build | Farm |
| 18:33 | Build | Farm |
| 18:37 | Queue | Archer |
| 19:01 | Queue | Archer |
| 19:03 | Queue | Villager (Male) |
| 19:22 | Queue | Flemish Militia |
| 19:23 | Queue | Villager (Male) |
| 19:24 | Build | Farm |
| 19:28 | Build | Outpost |
| 19:29 | Build | Outpost |
| 19:29 | Build | Outpost |
| 19:41 | Build | Palisade Wall |
| 19:42 | Queue | Villager (Male) |
| 19:43 | Build | House |
| 19:44 | Build | Palisade Wall |
| 20:07 | Build | Stone Wall |
| 20:08 | Build | Stone Wall |
| 20:10 | Build | Stone Wall |
| 20:18 | Queue | Skirmisher |
| 20:22 | Queue | Flemish Militia |
| 20:44 | Queue | Archer |
| 20:46 | Queue | Villager (Male) |
| 20:49 | Build | Farm |
| 20:59 | Build | Palisade Wall |
| 21:05 | Build | House |
| 21:09 | Queue | Villager (Male) |
| 21:13 | Queue | Flemish Militia |
| 21:14 | Research | Scale Mail Armor |
| 21:15 | Queue | Skirmisher |
| 21:28 | Queue | Skirmisher |
| 21:30 | Queue | Flemish Militia |
| 21:31 | Queue | Villager (Male) |
| 21:39 | Build | Stone Wall |
| 21:42 | Build | Palisade Wall |
| 21:57 | Queue | Skirmisher |
| 21:58 | Queue | Villager (Male) |
| 22:03 | Queue | Skirmisher |
| 22:07 | Build | Farm |
| 22:16 | Build | Farm |
| 22:21 | Queue | Villager (Male) |
| 22:27 | Queue | Villager (Male) |
| 22:46 | Queue | Skirmisher |
| 22:58 | Build | Farm |
| 22:58 | Build | Farm |
| 23:08 | Build | House |
| 23:48 | Queue | Skirmisher |
| 23:52 | Queue | Skirmisher |
| 23:54 | Queue | Villager (Male) |
| 23:56 | Queue | Flemish Militia |
| 23:59 | Build | Farm |
| 24:04 | Build | House |
| 24:10 | Build | Watch Tower |
| 24:15 | Queue | Flemish Militia |
| 24:24 | Queue | Skirmisher |
| 24:26 | Queue | Villager (Male) |
| 24:27 | Build | Lumber Camp |
| 24:28 | Queue | Villager (Male) |
| 24:44 | Queue | Skirmisher |
| 24:50 | Queue | Villager (Male) |
| 24:52 | Queue | Skirmisher |
| 25:02 | Build | Watch Tower |
| 25:07 | Queue | Skirmisher |
| 25:09 | Queue | Flemish Militia |
Match timeline
| 7:21 | Itz_Zenta · first_building Barracks |
| 8:27 | DS_Biry · age_up feudal |
| 8:32 | DS_Biry · wall_segment Stone Wall x1 |
| 8:36 | DS_Biry · wall_segment Stone Wall x1 |
| 8:39 | DS_Biry · wall_segment Stone Wall x1 |
| 8:44 | DS_Biry · wall_segment Stone Wall x1 |
| 8:51 | Itz_Zenta · age_up feudal |
| 8:51 | Itz_Zenta · wall_segment Palisade Wall x1 |
| 8:52 | Itz_Zenta · wall_segment Palisade Wall x1 |
| 9:27 | DS_Biry · wall_segment Stone Wall x1 |
| 9:28 | DS_Biry · wall_segment Stone Wall x1 |
| 9:30 | DS_Biry · wall_segment Stone Wall x1 |
| 9:32 | DS_Biry · wall_segment Stone Wall x1 |
| 9:34 | DS_Biry · wall_segment Stone Wall x1 |
| 10:03 | Itz_Zenta · wall_segment Palisade Wall x1 |
| 10:04 | Itz_Zenta · wall_segment Palisade Wall x1 |
| 10:40 | DS_Biry · wall_segment Stone Wall x1 |
| 10:42 | DS_Biry · wall_segment Palisade Wall x1 |
| 10:43 | DS_Biry · wall_segment Palisade Wall x1 |
| 10:44 | DS_Biry · wall_segment Palisade Wall x1 |
| 11:30 | DS_Biry · wall_segment Palisade Wall x1 |
| 11:31 | DS_Biry · wall_segment Palisade Wall x1 |
| 11:37 | DS_Biry · wall_segment Palisade Wall x1 |
| 12:44 | DS_Biry · first_building Barracks |
| 12:59 | Itz_Zenta · first_building Archery Range |
| 13:11 | DS_Biry · wall_segment Palisade Wall x1 |
| 13:12 | DS_Biry · wall_segment Palisade Wall x1 |
| 13:13 | DS_Biry · wall_segment Palisade Wall x1 |
| 13:13 | DS_Biry · wall_segment Palisade Wall x1 |
| 13:14 | DS_Biry · wall_segment Palisade Wall x1 |
| 13:49 | DS_Biry · wall_segment Stone Wall x1 |
| 13:50 | DS_Biry · wall_segment Stone Wall x1 |
| 13:51 | DS_Biry · wall_segment Stone Wall x1 |
| 14:01 | DS_Biry · wall_segment Stone Wall x1 |
| 14:22 | DS_Biry · first_building Archery Range |
| 14:31 | DS_Biry · wall_segment Palisade Wall x1 |
| 14:32 | DS_Biry · wall_segment Palisade Wall x1 |
| 14:32 | DS_Biry · wall_segment Palisade Wall x1 |
| 14:33 | DS_Biry · wall_segment Palisade Wall x1 |
| 15:04 | DS_Biry · wall_segment Palisade Wall x1 |
| 15:05 | DS_Biry · wall_segment Palisade Wall x1 |
| 15:08 | DS_Biry · wall_segment Palisade Wall x1 |
| 15:10 | DS_Biry · wall_segment Palisade Wall x1 |
| 17:07 | DS_Biry · wall_segment Palisade Wall x1 |
| 17:30 | Itz_Zenta · wall_segment Palisade Wall x1 |
| 17:31 | Itz_Zenta · wall_segment Stone Wall x1 |
| 17:52 | Itz_Zenta · wall_segment Palisade Wall x1 |
| 18:10 | Itz_Zenta · wall_segment Palisade Wall x1 |
| 19:41 | Itz_Zenta · wall_segment Palisade Wall x1 |
| 19:44 | Itz_Zenta · wall_segment Palisade Wall x9 |
| 20:07 | Itz_Zenta · wall_segment Stone Wall x3 |
| 20:08 | Itz_Zenta · wall_segment Stone Wall x3 |
| 20:10 | Itz_Zenta · wall_segment Stone Wall x1 |
| 20:59 | Itz_Zenta · wall_segment Palisade Wall x4 |
| 21:39 | Itz_Zenta · wall_segment Stone Wall x14 |
| 21:42 | Itz_Zenta · wall_segment Palisade Wall x1 |
| 27:03 | DS_Biry · first_market_buy 100 food |
| 27:20 | Itz_Zenta · resign |
[ AI ANALYSIS · 1 CREDIT ]
What really happened in this match?
Wolo.gg analyzes every decision: build order, eco, micro, common mistakes by bracket. Personalized analysis on WhatsApp or Discord in 30 seconds.
Civ guide
Poles
Perfil
Biry (DS_Biry)